Map: Daybreak LE (Void)

Players

Neeb - Winner!

  • Race: Protoss Protoss
  • Spawn Location: 7:00

NoRegreT

  • Race: Zerg Zerg
  • Spawn Location: 1:00

Event: NationWars IV

VOD

Have the link to the VOD?

Description

Time

  • Played on: Jan. 7, 2017, 12:15 p.m.
  • Length: 7:18
Show
View Real Time Build Order
Export as new Build Order

Neeb Protoss - Winner!

Build Orders: 1 Gate Expand, Zealot Archon 

Get SALT Encoding   

  12  0:00  Probe (Chrono Boost)  
  13  0:11  Probe (Chrono Boost)  
  14  0:20  Pylon  
  14  0:22  Probe (Chrono Boost)  
  15  0:38  Probe (Chrono Boost), Gateway  
  16  0:48  Probe (Chrono Boost)  
  17  0:54  Assimilator  
  17  0:59  Probe (Chrono Boost)  
  18  1:09  Probe (Chrono Boost)  
  19  1:23  Nexus  
  19  1:26  Probe (Chrono Boost)  
  20  1:37  Cybernetics Core  
  20  1:39  Probe (Chrono Boost)  
  21  1:45  Assimilator  
  21  1:50  Probe (Chrono Boost)  
  21  1:54  Pylon  
  22  2:00  Probe (Chrono Boost)  
  23  2:10  Adept  
  23  2:13  Probe (Chrono Boost), Warp Gate  
  26  2:25  Probe (Chrono Boost)  
  26  2:26  Twilight Council  
  27  2:34  Stalker  
  27  2:35  Probe (Chrono Boost)  
  29  2:37  Probe (Chrono Boost)  
  31  2:46  Probe (Chrono Boost)  
  31  2:50  Probe (Chrono Boost)  
  33  2:56  Probe (Chrono Boost)  
  34  3:02  Adept, Probe (Chrono Boost)  
  38  3:14  Mothership Core (Chrono Boost)  
  39  3:22  Gateway  
  39  3:25  Adept  
  34  3:31  Pylon  
  35  3:39  Pylon  
  35  3:40  Probe (Chrono Boost), Resonating Glaives  
  37  3:41  Probe (Chrono Boost)  
  36  3:51  Probe (Chrono Boost)  
  36  3:54  Probe (Chrono Boost)  
  37  4:07  Adept  
  37  4:09  Pylon  
  36  4:20  Probe (Chrono Boost)  
  36  4:21  Probe (Chrono Boost)  
  39  4:32  Probe (Chrono Boost), Gateway  
  39  4:34  Probe (Chrono Boost)  
  39  4:35  Adept  
  42  4:41  Pylon  
  42  4:44  Probe (Chrono Boost)  
  44  4:46  Probe (Chrono Boost), Sentry  
  46  4:56  Adept, Probe (Chrono Boost)  
  46  4:58  Probe (Chrono Boost)  
  51  5:07  Probe (Chrono Boost), Robotics Facility  
  51  5:10  Probe (Chrono Boost)  
  51  5:11  Adept  
  54  5:17  Probe (Chrono Boost)  
  54  5:18  Pylon  
  54  5:19  Adept  
  54  5:21  Probe (Chrono Boost)  
  58  5:25  Assimilator  
  58  5:28  Dark Shrine  
  58  5:33  Probe (Chrono Boost)  
  58  5:34  Gateway  
  60  5:35  Probe (Chrono Boost)  
  60  5:39  Assimilator  
  60  5:42  Pylon  
  60  5:46  Probe (Chrono Boost)  
  60  5:47  Probe (Chrono Boost)  
  62  5:51  Adept x2  
  62  5:52  Warp Prism  
  68  6:04  Pylon  
  68  6:10  Probe (Chrono Boost)  
  70  6:12  Probe (Chrono Boost)  
  70  6:14  Pylon  
  70  6:22  Adept x2  
  70  6:23  Adept  
  76  6:40  Nexus  
  76  6:47  Probe (Chrono Boost)  
  74  6:48  Probe (Chrono Boost)  
  74  6:49  Dark Templar x2  
  74  6:50  Dark Templar x2  
  80  6:57  Archon  
  80  6:58  Archon  
  76  7:01  Probe (Chrono Boost)  
  76  7:03  Probe (Chrono Boost)  
  76  7:04  Pylon  
  76  7:07  Pylon  
Show
View Real Time Build Order
Export as new Build Order

NoRegreT Zerg 

Build Orders: Hatch First 

Get SALT Encoding   

  12  0:00  Drone  
  13  0:08  Drone  
  14  0:17  Overlord  
  14  0:35  Drone  
  14  0:36  Drone x2  
  17  0:52  Hatchery  
  16  0:59  Extractor  
  15  1:10  Spawning Pool  
  14  1:11  Drone  
  14  1:16  Drone  
  16  1:23  Drone  
  17  1:26  Drone  
  18  1:35  Drone  
  19  1:57  Queen  
  22  2:04  Queen  
  22  2:05  Zergling x6  
  27  2:08  Metabolic Boost  
  27  2:15  Zergling x2  
  27  2:19  Zergling x2  
  28  2:33  Overlord  
  28  2:54  Zergling x2  
  28  2:55  Zergling x8  
  33  3:00  Evolution Chamber  
  33  3:02  Zergling x2  
  33  3:08  Spore Crawler  
  33  3:17  Zergling x2  
  33  3:18  Zergling x2  
  34  3:20  Zergling x2  
  34  3:21  Zergling x2  
  35  3:27  Zergling x2  
  35  3:34  Zergling x2  
  35  3:38  Overlord  
  35  3:50  Zergling x2  
  33  3:59  Zergling x4  
  33  4:02  Zergling x4  
  34  4:04  Zergling x4  
  33  4:11  Zergling x2  
  33  4:14  Zergling x2  
  32  4:23  Drone  
  32  4:25  Drone  
  33  4:31  Zerg Melee Weapons Level 1  
  33  4:32  Drone  
  33  4:35  Drone  
  35  4:42  Drone  
  36  4:48  Drone x4  
  36  4:49  Drone x3  
  43  4:53  Hatchery  
  43  4:56  Drone  
  43  5:00  Drone  
  43  5:06  Overlord  
  44  5:17  Overlord  
  44  5:25  Extractor  
  44  5:26  Drone x3  
  44  5:27  Drone x4  
  50  5:34  Drone  
  51  5:37  Drone  
  52  5:43  Overlord  
  52  5:49  Drone x3  
  56  5:50  Drone x3  
  56  5:53  Extractor, Drone  
  56  5:54  Extractor  
  57  5:57  Roach Warren  
  57  5:58  Lair  
  57  6:00  Drone  
  57  6:05  Drone  
  58  6:11  Drone, Queen  
  58  6:12  Drone  
  58  6:14  Zergling x2  
  58  6:15  Zergling x10  
  58  6:18  Zergling x4  
  70  6:21  Zergling x2  
  71  6:27  Zergling x2  
  71  6:32  Zergling x4  
  72  6:42  Zergling x4  
  72  6:45  Drone  
  66  6:47  Drone x4  
  66  6:51  Drone x2  
  69  6:54  Zergling x2  
  69  6:57  Spore Crawler  
  69  6:58  Overseer  
  69  6:59  Zergling x4, Overseer  
  67  7:13  Spire  
Tags
 
Add a new tag
Caveats
  • Supply blocks, unpowered buildings, or Contaminate may cause inaccurate times.
  • Supply counts are checked every 10 seconds.